 Dungeon Crawl Stone Soup version 0.26-a0-651-gb41185065b (webtiles) character file.

Game seed: 8550374540997503285

4469 Klosterheim the Spear-Bearer (level 10, -5/124 HPs)
             Began as a Pale Draconian Delver on Oct 17, 2020.
             Was an Elder of Makhleb.
             Slain by Snorg (18 damage)
             ... on level 10 of the Dungeon.
             The game lasted 00:42:00 (8858 turns).

Klosterheim the Spear-Bearer (DrDe)                 Turns: 8858, Time: 00:42:01

Health: -5/124     AC: 11    Str: 15    XL:     10   Next: 15%
Magic:  13/13      EV: 16    Int: 13    God:    Makhleb [****..]
Gold:   592        SH:  0    Dex: 13    Spells: 8/11 levels left

rFire    . . .     SeeInvis .   A - +2 trident (freeze)
rCold    . . .     Faith    .   (no shield)
rNeg     . . .     Spirit   .   (armour unavailable)
rPois    .         Reflect  .   (helmet restricted)
rElec    .         Harm     .   m - +0 cloak
rCorr    .         Rampage  .   l - +0 pair of gloves
MR       .....                  i - +1 pair of boots
Stlth    ..........             (no amulet)
HPRegen  0.30/turn              r - ring of flight
MPRegen  0.13/turn              (no ring)

@: berserking, short of breath, studying Stealth, very quick
A: breathe steam, unfitting armour, cold-blooded, AC +7
a: Breathe Steam, Minor Destruction, Lesser Servant of Makhleb, Major
Destruction, Renounce Religion, Evoke Flight


You were on level 10 of the Dungeon.
You worshipped Makhleb.
Makhleb was greatly pleased with you.
You visited 2 branches of the dungeon, and saw 12 of its levels.

You collected 592 gold pieces.

Inventory:

Hand Weapons
 A - a +2 trident of freezing (weapon)
 D - a +0 halberd
Armour
 i - a +1 pair of boots (worn)
 l - a +0 pair of gloves (worn)
 m - a +0 cloak (worn)
 B - a +0 tower shield
Magical Staves
 C - an uncursed staff of cold
Jewellery
 r - a ring of flight (left hand)
Wands
 f - a wand of digging (3)
 q - a wand of paralysis (12)
 t - a wand of polymorph (12)
 v - a wand of flame (35)
 y - a wand of random effects (19)
Scrolls
 b - 2 scrolls of fog
 c - 2 scrolls of magic mapping
 d - 3 scrolls of fear
 g - 8 scrolls of teleportation
 p - 3 scrolls of remove curse
 w - 3 scrolls of enchant armour
Potions
 a - 2 potions of lignification
 h - 2 potions of curing
 k - a potion of ambrosia
 n - a potion of might
 s - a potion of cancellation {unknown}
 u - a potion of resistance
 x - a potion of invisibility
 z - 2 potions of magic {unknown}
Books
 e - a manual of Stealth


   Skills:
 + Level 6.0 Fighting
 + Level 9.3 Polearms
 + Level 7.4 Dodging
 + Level 7.3 Stealth
 + Level 1.0 Spellcasting
 + Level 2.0 Conjurations
 + Level 3.0 Fire Magic
 + Level 4.0 Invocations


You had 8 spell levels left.
You knew the following spells:

 Your Spells              Type           Power        Failure   Level
a - Conjure Flame         Conj/Fire      #.......     30%         3

Your spell library contained the following spells:

 Spells                   Type           Power        Failure   Level
 Foxfire                  Conj/Fire      #...         10%         1
 Inner Flame              Hex/Fire       #.......     41%         3
 Sticky Flame             Conj/Fire      #.......     69%         4
 Fireball                 Conj/Fire      #.........   95%         5


Dungeon Overview and Level Annotations

Branches:
Dungeon (11/15)            Temple (1/1) D:4
   Lair: D:8-11         Orc: D:9-12

Altars:
Ashenzari
Cheibriados
Dithmenos
Elyvilon
Fedhas
Gozag
Hepliaklqana
Kikubaaqudgha
Makhleb
Nemelex Xobeh
Okawaru
Qazlal
Ru
Sif Muna
Trog
Uskayaw
Vehumet
Wu Jian
Xom
Yredelemnul
Zin
The Shining One
Beogh

Annotations:
D:4 3 runed translucent doors, Lanoc's ghost, amateur HaBr
D:10 Snorg


Innate Abilities, Weirdness & Mutations

You can breathe blasts of scalding, opaque steam.
Your pale cyan-grey scales are hard. (AC +7)
You cannot fit into any form of body armour.
You are cold-blooded and may be slowed by cold attacks.


Message History

Snorg is engulfed in a cloud of scalding steam.
Snorg bites you! Snorg claws you but does no damage.
Snorg completely misses you.
You hit Snorg. You freeze Snorg.
Snorg is almost dead.
Snorg completely misses you. Snorg claws you. Snorg misses you.
You puncture Snorg! You freeze Snorg.
Snorg is almost dead.
Snorg barely misses you. Snorg claws you but does no damage. Snorg misses you.
You puncture Snorg! You freeze Snorg.
Snorg is almost dead.
Snorg barely misses you. x2; Snorg claws you but does no damage.
Snorg bites you!! Snorg misses you. Snorg claws you!
* * * LOW HITPOINT WARNING * * *
Okay, then.
A red film seems to cover your vision as you go berserk!
You feel yourself moving faster!
You feel mighty! Snorg bites you!
* * * LOW HITPOINT WARNING * * *
Snorg claws you!!
You die...

##...## #.####
#.....## ##....#
.......## ##.###.#
........####>..##.#
........'.......#.#
...)....####...##.#
.......## ##.##..#
#.....## ####.##
##...## #@# ##'##
#T# ###.# #.# ..>.#
#### #.# ###.###..
#.# ##...##.# # #.#
#.....#.# ###3##.#
........# #......#
###.###.# #.#.####


You could see Snorg (berserk).

Vanquished Creatures
  Joseph (D:10)
  A centaur skeleton (D:10)
  Maggie (D:10)
  2 hippogriffs
  Edmund (D:4)
  An orc warrior (D:6)
  2 phantoms
  3 ogres
  2 ice beasts (D:7)
  A black bear (D:6)
  2 centaurs
  2 necrophages
  2 big kobolds (D:8)
  3 bullfrogs
  A gnoll sergeant (D:8)
  A scorpion (D:7)
  3 wights (D:6)
  2 bullfrog zombies
  4 orc priests
  A bullfrog skeleton (D:8)
  7 hounds
  A jelly (D:7)
  7 orc wizards
  3 iguanas
  Natasha (thrice) (D:2)
  6 worker ants
  2 worker ant zombies
  Robin (D:2)
  A howler monkey zombie (D:7)
  9 gnolls
  15 adders
  A river rat (D:3)
  A shadow imp (D:6)
  2 white imps
  3 ufetubi
  2 oozes
  2 adder zombies
  An adder skeleton (D:7)
  5 worms
  4 dart slugs
  3 leopard geckos
  28 orcs
  8 bats
  A giant cockroach (D:7)
  14 goblins
  11 hobgoblins
  2 jackals
  20 kobolds
  6 quokkas
  5 frilled lizards
  A jackal skeleton (D:6)
  A leopard gecko zombie (D:5)
  A quokka skeleton (D:4)
  5 rats
218 creatures vanquished.

Vanquished Creatures (collateral kills)
  An adder (D:10)
1 creature vanquished.

Vanquished Creatures (others)
  A plant (D:1)
1 creature vanquished.

Grand Total: 220 creatures vanquished

Notes
Turn   | Place    | Note
-------+----------+-------------------------------------------
     0 | D:5      | Klosterheim the Draconian Delver began the quest for the
                  | Orb.
     0 | D:5      | Reached XP level 1. HP: 19/19 MP: 1/1
   240 | D:4      | Noticed Edmund
   380 | D:4      | Found a runed translucent gate.
   383 | D:4      | Noticed Lanoc's ghost (amateur HaBr)
   528 | D:4      | Found a staircase to the Ecumenical Temple.
   534 | Temple   | Entered the Ecumenical Temple
   598 | Temple   | Became a worshipper of Makhleb the Destroyer
   662 | D:3      | Reached XP level 2. HP: 16/26 MP: 2/2
  1279 | D:1      | Reached XP level 3. HP: 31/33 MP: 3/3
  1556 | D:2      | Noticed Robin
  1639 | D:2      | Reached * piety under Makhleb
  1639 | D:2      | Reached skill level 5 in Stealth
  1657 | D:2      | Killed Robin
  1657 | D:2      | Reached skill level 3 in Polearms
  1657 | D:2      | Reached XP level 4. HP: 33/40 MP: 4/4
  2187 | D:2      | Noticed Natasha
  2197 | D:2      | Killed Natasha
  2377 | D:2      | Reached skill level 4 in Polearms
  2411 | D:2      | Found a hide-covered altar of Uskayaw.
  2411 | D:2      | Found an opulent altar of Gozag.
  2529 | D:2      | Noticed Natasha
  2537 | D:2      | Killed Natasha
  2537 | D:2      | Reached XP level 5. HP: 35/46 MP: 5/5
  2618 | D:2      | Reached ** piety under Makhleb
  2795 | D:2      | Found a snail-covered altar of Cheibriados.
  2947 | D:2      | Noticed Natasha
  2985 | D:2      | Killed Natasha
  2985 | D:2      | Reached skill level 5 in Polearms
  3231 | D:3      | Found a roughly hewn altar of Beogh.
  3236 | D:3      | Reached XP level 6. HP: 52/52 MP: 6/6
  3308 | D:3      | Found a basalt altar of Yredelemnul.
  3760 | D:4      | Found a runed translucent gate.
  3768 | D:4      | Found a runed translucent gate.
  3771 | D:4      | Identified the cursed +0 leather armour "Dimozueg" {Rampage
                  | *Corrode rN++ Regen+}
  3774 | D:4      | Found a roughly hewn altar of Beogh.
  3902 | D:4      | Killed Edmund
  4219 | D:5      | Reached skill level 6 in Polearms
  4382 | D:5      | Your scales start taking on a pale cyan-grey colour.
  4382 | D:5      | Reached XP level 7. HP: 38/59 MP: 7/7
  4603 | D:5      | Reached skill level 1 in Invocations
  5060 | D:6      | Reached XP level 8. HP: 56/66 MP: 8/10
  5192 | D:6      | Reached skill level 7 in Polearms
  5242 | D:6      | Found a hazy altar of Hepliaklqana.
  5272 | D:6      | Found a radiant altar of Vehumet.
  5276 | D:6      | Reached *** piety under Makhleb
  5341 | D:6      | Found a stormy altar of Qazlal.
  5498 | D:6      | Reached skill level 5 in Dodging
  5589 | D:6      | Found a blossoming altar of Fedhas.
  6257 | D:7      | Noticed a hippogriff
  6263 | D:7      | Killed a hippogriff
  6263 | D:7      | Reached skill level 8 in Polearms
  6328 | D:7      | Reached XP level 9. HP: 58/71 MP: 12/12
  6333 | D:7      | Learned a level 3 spell: Conjure Flame
  6543 | D:7      | Reached skill level 1 in Fire Magic
  6580 | D:7      | Reached skill level 1 in Conjurations
  6597 | D:7      | Reached skill level 1 in Spellcasting
  6665 | D:7      | Found a sacrificial altar of Ru.
  6895 | D:7      | Found a glowing golden altar of the Shining One.
  6895 | D:7      | Found a glowing silver altar of Zin.
  6895 | D:7      | Found a white marble altar of Elyvilon.
  7134 | D:8      | Reached **** piety under Makhleb
  7530 | D:8      | Reached skill level 5 in Fighting
  7843 | D:8      | Found an iron altar of Okawaru.
  8167 | D:9      | Reached skill level 9 in Polearms
  8185 | D:9      | You fall into a shaft and drop 2 floors!
  8261 | D:10     | Entered Level 10 of the Dungeon
  8261 | D:10     | Noticed Joseph
  8280 | D:10     | Killed Joseph
  8493 | D:10     | Noticed Maggie
  8505 | D:10     | Killed Maggie
  8505 | D:10     | Reached XP level 10. HP: 83/83 MP: 13/13
  8722 | D:10     | Reached ***** piety under Makhleb
  8840 | D:10     | Noticed Snorg
  8858 | D:10     | Slain by Snorg

Illustrated notes

Levels and vault maps discovered:
D:1:      lightli_molten_gateway, layout_rooms, chequers_avenue,
          serial_bayou_pond_c
D:2:      layout_basic, cheibriados_altar_1, gammafunk_temple_overflow_elements,
          minmay_vboxes, uniq_robin, uniq_natasha
D:3:      layout_basic, yredelemnul_altar_generic,
          cheibrodos_sewer_entry_sluice, kennysheep_orc_chapel
D:4:      layout_basic, minmay_temple_entry_hall, biasface_ghost_orc_armoury,
          dk_noncrumbling_4, uniq_edmund
D:5:      layout_basic, minmay_misc_feat_alley
D:6:      layout_loops_ring, vehumet_altar_wand_db, fedhas_altar_4,
          lemuel_coloured_pillars_altar, lemuel_round_altar
D:7:      layout_loops_ring, good_gods_mini_temple,
          nicolae_ru_the_path_less_chosen, minmay_manual_macuahuitl
D:8:      layout_basic, marbit_many_paths, minmay_misc_feat_encased
D:9:      layout_roguey
D:10:     layout_loops_corners, kennysheep_orc_monster_closet_entryway,
          uniq_joseph, uniq_snorg, uniq_maggie, uniq_josephine
D:11:     layout_gridville, david_lair_generic, basic_altar, uniq_erica
Temple:   jpeg_temple_island

Skill      XL: |  1  2  3  4  5  6  7  8  9 10 |
---------------+-------------------------------+-----
Dodging        | 2 3 4 6 7 |  7.4
Stealth        | 5 6 7 |  7.3
Fighting       | 4 6 |  6.0
Polearms       | 3 4 5 6 8 9 |  9.3
Invocations    | 2 4 |  4.0
Fire Magic     | 3 |  3.0
Conjurations   | 2 |  2.0
Spellcasting   | 1 |  1.0

Action                   |  1- 3 |  4- 6 |  7- 9 | 10-12 || total
-------------------------+-------+-------+-------+-------++-------
Melee: Spear             |   157 |   105 |       |       ||   262
       Tailslap          |    28 |    17 |    53 |     2 ||   100
       Trident           |       |   137 |   442 |    34 ||   613
Invok: Lesser Servant of |       |       |     2 |     1 ||     3
       Major Destruction |       |       |     1 |     1 ||     2
 Abil: Breathe Steam     |       |       |    14 |     2 ||    16
Evoke: Wand              |       |    12 |       |       ||    12
  Use: Scroll            |     5 |     4 |     8 |     1 ||    18
       Potion            |       |     2 |     2 |     3 ||     7
 Stab: Sleeping          |     5 |    13 |    18 |     1 ||    37
       Distracted        |       |     1 |     1 |       ||     2
Armor: Skin              |    40 |    71 |   123 |     5 ||   239
Dodge: Dodged            |    81 |   103 |   306 |    32 ||   522

Table legend: (Time is in decaauts)
 A = Elapsed time spent in this place.
 B = Non-inter-level travel time spent in this place.
 C = Inter-level travel time spent in this place.
 D = Time resting spent in this place.
 E = Time spent auto-exploring this place.
 F = Levels seen in this place.
 G = Mean time per level.
                   A        B        C        D        E       F      G
               +--------+--------+--------+--------+--------+-----+--------+
         Total |   8815 |   8216 |    599 |   1367 |   5080 |  12 |  734.6 |
       Dungeon |   8711 |   8185 |    526 |   1367 |   5053 |  11 |  791.9 |
        Temple |    103 |     30 |     73 |      0 |     27 |   1 |  103.0 |
               +--------+--------+--------+--------+--------+-----+--------+

Top non-repeatable levels by time:
     D:2: 1270 daAuts
     D:6: 1108 daAuts
     D:4: 1075 daAuts
     D:8: 1030 daAuts
     D:7: 887 daAuts
     D:3: 863 daAuts
     D:1: 863 daAuts
     D:5: 810 daAuts
    D:10: 595 daAuts
     D:9: 130 daAuts
  Temple: 103 daAuts
    D:11: 75 daAuts
